 Dungeon Crawl Stone Soup version 0.27-a0-1196-g3e9cee4cb2 (webtiles) character file.

Game seed: 11155925423275167931

44 mordus the Conjurer (level 3, -2/26 HPs)
             Began as a Draconian Conjurer on May 27, 2021.
             Slain by Sigmund
             ... wielding a +0 scythe
              (9 damage)
             ... on level 2 of the Dungeon.
             The game lasted 00:05:24 (1167 turns).

mordus the Conjurer (Draconian Conjurer)            Turns: 1167, Time: 00:05:24

Health: -2/26      AC:  5    Str:  9    XL:     3   Next: 41%
Magic:  4/7        EV: 12    Int: 19    God:
Gold:   60         SH:  0    Dex:  9    Spells: 4/7 levels left

rFire    . . .     SeeInvis .   c - +2 whip (holy)
rCold    . . .     Faith    .   (no shield)
rNeg     . . .     Spirit   .   (armour unavailable)
rPois    .         Reflect  .   (helmet restricted)
rElec    .         Harm     .   (no cloak)
rCorr    .         Rampage  .   (no gloves)
Will     .....                  (no boots)
Stlth    ++........             (no amulet)
HPRegen  0.08/turn              (no ring)
MPRegen  0.10/turn              (no ring)

@: no status effects
A: AC +5, unfitting armour, cold-blooded
a: no special abilities


You were on level 2 of the Dungeon.
You visited 1 branch of the dungeon, and saw 2 of its levels.

You collected 60 gold pieces.

Inventory:

Hand Weapons
 c - a +2 whip of holy wrath (weapon)
Scrolls
 a - a scroll of torment {unknown}
 b - a scroll of fear {unknown}
 d - a scroll of enchant weapon {unknown}
 f - a scroll of identify {unknown}
Potions
 e - a potion of curing {unknown}


   Skills:
 - Level 1.7 Dodging
 - Level 1.7 Stealth
 + Level 2.9 Spellcasting
 + Level 4.6 Conjurations


You had 4 spell levels left.
You knew the following spells:

 Your Spells              Type           Power      Damage    Failure   Level
a - Magic Dart            Conj           80%        1d7       2%          1
b - Searing Ray           Conj           40%        3d4       3%          2

Your spell library contained the following spells:

 Spells                   Type           Power      Damage    Failure   Level
 Shock                    Conj/Air       44%        1d5       6%          1
 Apportation              Tloc           4%         N/A       16%         1
 Freeze                   Ice            8%         1d3       16%         1
 Pain                     Necr           8%         1d4       16%         1
 Sting                    Tmut/Pois      8%         1d3       16%         1
 Dazzling Flash           Conj/Hex       22%        N/A       19%         3
 Fulminant Prism          Conj/Hex       5%         3d7       52%         4
 Iskenderun's Mystic Bla  Conj/Tloc      11%        2d4       52%         4


Dungeon Overview and Level Annotations

Branches:
Dungeon (2/15)

Altars:

Annotations:
D:2 Sigmund, Terence


Innate Abilities, Weirdness & Mutations

Your plain brown scales are hard. (AC +5)
You cannot fit into any form of body armour.
You are cold-blooded and may be slowed by cold attacks.


Message History

The dart slug is moderately wounded.
You hit the dart slug.
The dart slug is severely wounded.
The dart slug closely misses you.
You hit the dart slug.
You kill the dart slug!
Sigmund the Dreaded comes into view.
He is wielding a +0 scythe and carrying a wand of flame (18).
Sigmund shouts!
The ball python closely misses you. x2
Sigmund points at himself and mumbles some strange words.
Sigmund flickers and vanishes!
Deactivating autopickup; reactivate with Ctrl-A.
The ball python barely misses you. x2
You barely miss the ball python. The ball python misses you.
The ball python grabs you. The ball python constricts you.
The ball python bites you but does no damage.
The ball python constricts you.
You hit the ball python.
You kill the ball python!
Terence asks, "Do you want it fast or slow?"
You barely miss Terence. Terence hits you with a +0 hand axe. x2
You hear a zap.
A puff of flame appears from out of thin air!
The puff of flame hits you!
You hear a zap.
A puff of flame appears from out of thin air!
The puff of flame hits you.
Cast which spell? (? or * to list)
Aiming: Searing Ray (safe; 3% risk of failure)
Press: ? - help, Shift-Dir - straight line, f - Terence
Aim: Terence, wielding a +0 hand axe and wearing a +0 ring mail (81% to hit)
The searing ray hits Terence!
Terence is moderately wounded. (Press . to maintain the ray.)
Something hits you.
* * * LOW HITPOINT WARNING * * *
Terence is nearby!
The searing ray hits something.
The searing ray misses Terence.
Something hits you!
You die...

##♣♣♣ #....♣.
######......♣
#@{.@......♣
#.####....♣♣ #.#
###♣♣ #@# #.####
#.#.. ##############
#.#@# ##.............
#.#.###<.............
#>..@†.#.####........


You could see Terence.

Vanquished Creatures
  2 dart slugs
  A ball python (D:2)
  3 bats
  5 endoplasms (D:1)
  A giant cockroach (D:1)
  2 hobgoblins (D:1)
  3 jackals (D:1)
  6 kobolds (D:1)
  2 quokkas (D:1)
  3 frilled lizards (D:1)
  3 goblins (D:1)
  7 rats (D:1)
38 creatures vanquished.

Notes
Turn   | Place    | Note
-------+----------+-------------------------------------------
     0 | D:1      | mordus the Draconian Conjurer began the quest for the Orb.
     0 | D:1      | Reached XP level 1. HP: 14/14 MP: 3/3
   227 | D:1      | Reached XP level 2. HP: 15/20 MP: 3/5
   232 | D:1      | Learned a level 2 spell: Searing Ray
   374 | D:1      | Identified Qotretwoe's Casting, Part One
   699 | D:1      | Reached XP level 3. HP: 26/26 MP: 4/7
  1139 | D:2      | Noticed Terence
  1140 | D:2      | Found a faded altar of an unknown god.
  1148 | D:2      | Noticed Sigmund
  1167 | D:2      | Slain by Sigmund

Illustrated notes

Levels and vault maps discovered:
D:1:      psy_arrival_basics, layout_basic
D:2:      minmay_alternating_diamond, layout_basic,
          ebering_ecumenical_altar_webs, basic_altar, uniq_crazy_yiuf_cottage,
          uniq_terence, uniq_sigmund

Action                   || total
-------------------------++-------
Melee: Unarmed           ||     7
       Dagger            ||    14
       Tailslap          ||     2
       Whip              ||     9
 Cast: Magic Dart        ||    44
       Searing Ray       ||     4
 Stab: Sleeping          ||     3
Armor: Skin              ||    11
Dodge: Dodged            ||    18

Table legend: (Time is in decaauts)
 A = Elapsed time spent in this place.
 B = Non-inter-level travel time spent in this place.
 C = Inter-level travel time spent in this place.
 D = Time resting spent in this place.
 E = Time spent auto-exploring this place.
 F = Levels seen in this place.
 G = Mean time per level.
                   A        B        C        D        E       F      G
               +--------+--------+--------+--------+--------+-----+--------+
         Total |   1166 |   1144 |     22 |    159 |    658 |   2 |  583.0 |
       Dungeon |   1166 |   1144 |     22 |    159 |    658 |   2 |  583.0 |
               +--------+--------+--------+--------+--------+-----+--------+

Top non-repeatable levels by time:
     D:1: 1109 daAuts
     D:2: 57 daAuts
